AoeStats
← DildoSwaggins

Baltic

510718979Analyzed
4v4 RM · 1d ago on Oct 2, 2026· 17m 42s· 8 players
Game mode
Random Map
Map size
Large (8 player)
Population
200
Speed
Normal
Resources
Standard
Victory
Conquest
Starting age
Dark Age
Ending age
Imperial Age
RankedLock teamsTeams togetherTeam positionsShared explorationLock speedFull tech treeHidden civsTurbo modeCheats
Victory
Defeat
🇹🇼 Franks · Taiwan
1212
+8
🇦🇺 Dravidians · Australia
1104
+12
🇭🇰 Koreans · Hong Kong SAR China
1037
+15
🇹🇼 Varangians · Taiwan
847
+62
🇫🇮 Varangians · Finland
1114
-18
🇪🇸 Italians · Spain
1017
-14
🇺🇸 Franks · United States
1000
-43
🇪🇸 Burgundians · Spain
939
-11
DildoSwaggins
14:16 Feudal Age
CalaveraDelCid
0:35 Loom
12:11 Feudal Age
12:39 Double-Bit Axe
TFS|Nappa
5:29 Loom
11:21 Feudal Age
14:49 Castle Age
12:59 Double-Bit Axe
ImperialShadow
8:46 Loom
12:38 Feudal Age
11:08 Double-Bit Axe
13:55 Bow Saw
16:02 Wheelbarrow
15:13 Horse Collar
15:26 Gold Mining
Amy
11:36 Feudal Age
13:47 Fishing Lines
不知者
11:54 Feudal Age
12:38 Loom
13:33 Double-Bit Axe
16:18 Castle Age
15:11 Fishing Lines
AreSheng
12:59 Feudal Age
11:15 Loom
14:27 Stone Mining
14:27 Gold Mining
17:46 Castle Age
16:04 Scale Barding Armor
15:43 Horse Collar
16:40 Double-Bit Axe
BLABLA_8686
10:28 Feudal Age
11:45 Double-Bit Axe
18:34 Castle Age
Connection lost

Rejoining the realm…

Still unreachable

The connection could not be restored.

Session expired

The server has moved on; the page needs a fresh start.